 Dungeon Crawl Stone Soup version 0.31-a0-1522-g43313d8a59 (webtiles) character file.

Game seed: 16130655769883818897

21932 Dirian the Severer (level 12, -2/108 HPs)
             Began as a Minotaur Fighter on Dec 30, 2023.
             Was a High Priest of Okawaru.
             Killed by mirror damage (14 damage)
             ... on level 13 of the Dungeon.
             The game lasted 00:20:01 (11175 turns).

Dirian the Severer (Minotaur Fighter)              Turns: 11175, Time: 00:20:01

Health: -2/108     AC: 18    Str: 26    XL:     12   Next: 58%
Magic:  10/16      EV: 12    Int:  5    God:    Okawaru [*****.]
Gold:   709        SH: 19    Dex: 20    Spells: 11/11 levels left

rFire   . . .        e - +10 war axe of Wrongful Imprisonment {holy, Dex+4}
rCold   . . .        S - +0 kite shield
rNeg    . . .        k - +0 chain mail
rPois   .            (helmet restricted)
rElec   .            (no cloak)
rCorr   .            i - +0 pair of gloves
SInv    .            R - +2 pair of boots
Will    .....        p - amulet of reflection
Stlth   +            y - +6 ring of dexterity
HPRegen 0.38/turn    B - +4 ring of slaying
MPRegen 0.15/turn

%: reflection
@: heroic, finesse-ful
A: horns 2, retaliatory headbutt
a: Renounce Religion, Heroism, Finesse, Duel


You were on level 13 of the Dungeon.
You worshipped Okawaru.
Okawaru was extremely pleased with you.
You visited 2 branches of the dungeon, and saw 14 of its levels.
You also visited: Ossuary and Bailey.

You collected 904 gold pieces.
You spent 195 gold pieces at shops.

Inventory:

Hand Weapons
 e - the +10 war axe of Wrongful Imprisonment (weapon) {holy, Dex+4}
   (You bought it in a shop on level 2 of the Dungeon)

   Dex+4:     It affects your dexterity (+4).
 H - a +0 broad axe
 K - a +0 broad axe
Missiles
 a - a throwing net
 g - 15 boomerangs
 O - 2 javelins
Armour
 i - a +0 pair of gloves (worn)
 k - a +0 chain mail (worn)
 v - a +1 plate armour
 R - a +2 pair of boots (worn)
 S - a +0 kite shield (worn)
Jewellery
 p - an amulet of reflection (around neck)
 y - a +6 ring of dexterity (left hand)
 B - a +4 ring of slaying (right hand)
 F - a ring of willpower
Wands
 o - a wand of paralysis (19)
 D - a wand of iceblast (10)
 G - a wand of mindburst (16)
 I - a wand of flame (14)
 L - a wand of polymorph (5)
 M - a wand of light (7)
Scrolls
 m - 5 scrolls of immolation
 t - a scroll of teleportation
 x - a scroll of enchant weapon
 J - 2 scrolls of fog
 P - 2 scrolls of fear
Potions
 d - 4 potions of might
 f - 3 potions of attraction
 h - 3 potions of haste
 j - 2 potions of enlightenment
 l - 2 potions of magic
 q - 7 potions of curing
 s - 2 potions of berserk rage
 u - 2 potions of ambrosia
 w - 4 potions of brilliance
 z - 4 potions of invisibility {unknown}
 A - 2 potions of mutation {unknown}
 C - a potion of degeneration {unknown}
 N - 2 potions of lignification {unknown}
 Q - 4 potions of resistance {unknown}
Miscellaneous
 E - a tin of tremorstones (2/2)


   Skills:
 + Level 10.8(15.8) Fighting
 + Level 15.9(20.9) Axes
 - Level 5.0(10.0) Throwing
 + Level 10.2(15.2) Armour
 + Level 10.0(15.0) Shields
 * Level 7.3 Invocations


You had 11 spell levels left.
You didn't know any spells.
Your spell library contained the following spells:

 Spells                   Type           Power      Damage    Failure   Level
 Sublimation of Blood     Necr           0%         N/A       98%         2
 Call Imp                 Summ           Unusable   N/A       N/A         2
 Summon Hydra             Summ           Unusable   N/A       N/A         7

Dungeon Overview and Level Annotations

Branches:
Dungeon (13/15) Zot: 26986  Temple (1/1) D:7 Zot: 5971    Lair (0/5) D:10
    Orc (0/2) D:12        Ossuary (visited)          Bailey (visited)
 Vaults: D:13-14

Altars:
Ashenzari
Cheibriados
Dithmenos
Elyvilon
Fedhas
Gozag
Hepliaklqana
Kikubaaqudgha
Makhleb
Nemelex Xobeh
Okawaru
Qazlal
Ru
Sif Muna
Trog
Uskayaw
Vehumet
Wu Jian
Xom
Yredelemnul
Zin
The Shining One

Shops:
D:2 ((?(?   D:3 (

Portals:
Trove: D:11 (give 2 scrolls of acquirement)


Innate Abilities, Weirdness & Mutations

You have a pair of horns on your head.
You reflexively headbutt those who attack you in melee.


Message History

The skeletal warrior hits you with a +0 short sword!
The death knight offers itself to Yredelemnul, and fills with unholy energy.
You slice the skeletal warrior!!
The skeletal warrior convulses!!
The skeletal warrior is severely damaged.
You block the death knight's attack.
You block the skeletal warrior's attack.
You see here a +0 war axe.
You slice the death knight!!
The death knight is moderately wounded.
You slash the skeletal warrior!
The skeletal warrior convulses.
The death knight reflects your damage back at you!
* * * LOW HITPOINT WARNING * * *
The death knight hits you with a +3 great mace of venom!
* * * LOW HITPOINT WARNING * * *
You are lethally poisoned!
You block the skeletal warrior's attack.
You closely miss the death knight.
The death knight is moderately wounded.
You hit the skeletal warrior.
The skeletal warrior convulses.
* * * LOW HITPOINT WARNING * * *
You feel very sick.
You slash the death knight! Your headbutt misses the death knight.
The death knight is moderately wounded.
You slash the skeletal warrior!
You destroy the skeletal warrior!
Okawaru accepts your kill.
The death knight reflects your damage back at you!
* * * LOW HITPOINT WARNING * * *
x2 You feel very sick.
You block the death knight's attack.
Your base Shields skill increases to level 10!
You feel better. You block the death knight's attack.
You barely miss the death knight. Your headbutt misses the death knight.
The death knight is moderately wounded.
You closely miss the death knight.
The death knight is moderately wounded.
You slice the death knight!! You headbutt the death knight.
The death knight is severely wounded.
The death knight reflects your damage back at you!
You die...

##########
.....$...
......... ..
......... #..
#........
#..#####........
#.?.....p..[....
#.......@)......
#...............
##...............
.......<.........
#################


You could see a death knight (reflects damage).

Vanquished Creatures
  2 vault guards (Bailey)
  2 two-headed ogres
  2 boulder beetles
  2 skeletal warriors (D:13)
  A phantasmal warrior (D:13)
  2 ugly things
  2 cyclopes
  3 manticores
  Joseph (D:8)
  A kobold demonologist (D:12)
  A komodo dragon (D:7)
  A rime drake (D:10)
  5 trolls
  Prince Ribbit (Bailey)
  3 shadows
  16 yaks
  5 humans (Bailey)
  2 vampires
  3 wraiths
  3 wyverns
  A vampire mosquito (D:7)
  A basilisk (D:11)
  A warg (D:12)
  2 steam dragons
  2 acid dragons
  4 water moccasins
  A sky beast (D:6)
  3 ogres
  8 ice beasts
  6 orc warriors
  5 wolves (D:10)
  3 centaurs
  A phantom (D:5)
  A kobold brigand (D:8)
  11 bullfrogs
  2 elf zombies (D:5)
  3 gnoll sergeants
  2 scorpions (D:6)
  An elf skeleton (D:5)
  5 water moccasin zombies (Ossuary)
  A burial acolyte (Ossuary)
  9 wights
  6 killer bees
  A jelly (D:6)
  2 howler monkeys
  A bombardier beetle (D:4)
  6 orc priests
  2 hounds (D:6)
  2 gnoll boudas
  5 iguanas
  A sleepcap (D:6)
  A human skeleton (D:5)
  9 orc wizards
  3 crocodile zombies (Ossuary)
  2 mummies (Ossuary)
  Robin (D:3)
  23 gnolls
  5 adders
  3 shadow imps (D:6)
  3 white imps
  2 ufetubi (D:6)
  3 adder zombies (Ossuary)
  3 dart slugs
  A ribbon worm (D:4)
  43 orcs
  4 ball pythons
  4 endoplasms
  2 giant cockroaches
  13 gnoll zombies (Ossuary)
  24 goblins
  13 hobgoblins
  2 jackals (D:1)
  11 kobolds
  4 quokkas
  4 bats
  2 frilled lizards
  A jackal zombie (Ossuary)
  2 orc skeletons (D:5)
  3 orc zombies (Ossuary)
  5 rats
353 creatures vanquished.

Notes
Turn   | Place    | Note
-------+----------+-------------------------------------------
     0 | D:1      | Dirian the Minotaur Fighter began the quest for the Orb.
     0 | D:1      | Reached XP level 1. HP: 19/19 MP: 0/0
    83 | D:1      | HP: 1/20 [poisoned by a kobold]
   206 | D:1      | Reached XP level 2. HP: 23/27 MP: 1/1
   642 | D:1      | Reached XP level 3. HP: 33/33 MP: 2/2
   954 | D:2      | Found Erhoarej's Antique Weapon Boutique.
   991 | D:2      | Found Noxavy's Antique Weapon Boutique.
  1053 | D:2      | Found Ecusuran's Magic Scroll Shoppe.
  1092 | D:2      | Found Kasio's Magic Scroll Emporium.
  1223 | D:2      | Found Atwinysch's Weapon Shop.
  1490 | D:2      | Reached skill level 3 in Axes
  1831 | D:3      | Reached XP level 4. HP: 41/41 MP: 3/3
  2034 | D:3      | Noticed Robin
  2048 | D:3      | Killed Robin
  2307 | D:3      | Found Owudusar's Antique Weapon Boutique.
  2554 | D:3      | Reached XP level 5. HP: 47/47 MP: 4/4
  2578 | D:2      | Bought a shimmering war axe for 195 gold pieces
  2578 | D:2      | Identified the +10 war axe of Wrongful Imprisonment {holy,
                  | Dex+4} (You bought it in a shop on level 2 of the Dungeon)
  2645 | D:4      | Reached skill level 4 in Axes
  2656 | D:4      | Found a white marble altar of Elyvilon.
  2658 | D:4      | Found a blossoming altar of Fedhas.
  3122 | D:5      | Entered Level 5 of the Dungeon
  3134 | D:5      | Noticed an ice beast
  3139 | D:5      | Reached skill level 5 in Armour
  3146 | D:5      | Killed an ice beast
  3147 | D:5      | Reached skill level 5 in Fighting
  3147 | D:5      | Reached skill level 5 in Axes
  3147 | D:5      | Reached skill level 1 in Throwing
  3147 | D:5      | Reached XP level 6. HP: 14/56 MP: 5/5
  3192 | D:5      | Reached skill level 6 in Axes
  3192 | D:5      | Reached XP level 7. HP: 30/61 MP: 6/6
  3194 | D:5      | Found a sand-covered staircase.
  3206 | Ossuary  | Entered an ossuary
  3371 | Ossuary  | Reached skill level 5 in Shields
  3408 | Ossuary  | Reached skill level 7 in Axes
  3557 | D:5      | Reached XP level 8. HP: 43/70 MP: 7/7
  3559 | D:5      | Reached skill level 8 in Axes
  4113 | D:6      | Reached skill level 9 in Axes
  4400 | D:6      | Reached XP level 9. HP: 78/78 MP: 8/8
  4739 | D:7      | Found a staircase to the Ecumenical Temple.
  4746 | D:7      | Reached skill level 10 in Axes
  4801 | Temple   | Entered the Ecumenical Temple
  4815 | Temple   | Became a worshipper of Warmaster Okawaru
  5020 | D:7      | Noticed a cyan ugly thing
  5030 | D:7      | Killed a cyan ugly thing
  5031 | D:7      | Reached skill level 5 in Throwing
  5276 | D:7      | Reached * piety under Okawaru
  5280 | D:7      | Reached skill level 11 in Axes
  5493 | D:7      | Found a runed translucent door.
  5494 | D:7      | Found a runed translucent door.
  5494 | D:7      | Noticed a komodo dragon
  5506 | D:7      | Noticed a boulder beetle
  5506 | D:7      | Noticed a troll
  5506 | D:7      | Noticed a troll
  5507 | D:7      | Noticed a cyclops
  5507 | D:7      | Noticed a two-headed ogre
  5510 | D:7      | Reached skill level 1 in Invocations
  5535 | D:7      | Killed a cyclops
  5535 | D:7      | Reached ** piety under Okawaru
  5536 | D:7      | Reached XP level 10. HP: 66/88 MP: 7/10
  5546 | D:7      | Reached skill level 12 in Axes
  5546 | D:7      | Killed a boulder beetle
  5546 | D:7      | Reached *** piety under Okawaru
  5550 | D:7      | Killed a two-headed ogre
  6047 | D:8      | Found a hide-covered altar of Uskayaw.
  6050 | D:8      | Noticed a +0 dagger
  6050 | D:8      | Noticed a +0 hand axe
  6307 | D:8      | Reached skill level 13 in Axes
  6482 | D:8      | Identified the +5 trident "Bosueqy" {freeze, +Blink rPois
                  | Int+2}
  6759 | D:8      | Noticed Joseph
  6771 | D:8      | Killed Joseph
  6771 | D:8      | Reached **** piety under Okawaru
  7188 | D:9      | Reached XP level 11. HP: 92/95 MP: 13/13
  7304 | D:9      | Found a glowing silver altar of Zin.
  7383 | D:9      | Found the +7 Throatcutter {drain, coup de grace}
  7387 | D:9      | Found a flagged portal.
  7415 | Bailey   | Entered a bailey
  7604 | Bailey   | Reached ***** piety under Okawaru
  7608 | Bailey   | Reached skill level 5 in Invocations
  7627 | Bailey   | Noticed a vault guard
  7627 | Bailey   | Noticed Prince Ribbit
  7641 | Bailey   | Killed a vault guard
  7642 | Bailey   | Reached skill level 14 in Axes
  7646 | Bailey   | Killed Prince Ribbit
  7747 | Bailey   | Noticed a vault guard
  7755 | Bailey   | Killed a vault guard
  8284 | D:10     | Entered Level 10 of the Dungeon
  8376 | D:10     | Found a staircase to the Lair.
  8482 | D:10     | Found a broken altar of Ashenzari.
  9031 | D:10     | Found a bloodstained altar of Trog.
  9209 | D:11     | Reached skill level 15 in Axes
  9211 | D:11     | Reached skill level 10 in Fighting
  9213 | D:11     | Reached XP level 12. HP: 106/106 MP: 15/15
  9237 | D:11     | Received a gift from Okawaru
  9815 | D:11     | Found a portal to a secret trove of treasure.
  9864 | D:11     | Noticed a two-headed ogre
  9871 | D:11     | Killed a two-headed ogre
 10399 | D:12     | Noticed a boulder beetle
 10414 | D:12     | Killed a boulder beetle
 10414 | D:12     | Received a gift from Okawaru
 10415 | D:12     | Reached skill level 10 in Armour
 10941 | D:12     | Found a staircase to the Orcish Mines.
 11158 | D:13     | Noticed a death knight
 11171 | D:13     | HP: 3/108 [poisoned by a death knight]
 11172 | D:13     | Reached skill level 10 in Shields
 11175 | D:13     | Killed by mirror damage

Illustrated notes

Levels and vault maps discovered:
D:1:      minmay_arrival_glassed_features, layout_basic
D:2:      layout_loops_corners, serial_shops, nicolae_shop_window_shopping,
          shop_scrolls, nicolae_shop_gibbet_a_chance, nicolae_shop_peninsula,
          nicolae_shop_overgrown_old_shop, item_on_display_a
D:3:      cheibrodos_greedy_goblins, layout_basic, serial_shops, shop,
          minmay_liquid_box, uniq_robin
D:4:      layout_cave_pools, chequers_temple_overflow_statue_of_worship
D:5:      layout_cave_pools, nicolae_ossuary_entry_catacombs
D:6:      minmay_spotlight, layout_basic, kennysheep_cluttered_room,
          nicolae_figureground_sparkle
D:7:      minmay_the_grid_triangle_9x9_rhombus_thin
          [minmay_the_grid_triangle_9x9_tough_junction,
          minmay_the_grid_triangle_9x9_prize_center,
          minmay_the_grid_triangle_9x9_intruding_spiral,
          minmay_the_grid_triangle_9x9_flanged_cone], layout_rooms,
          minmay_temple_entry_ruins, st_stairs_6, bh_walls_and_bars
D:8:      layout_gridville, dancing_weapons_uskayaw, uniq_joseph
D:9:      layout_roguey, kennysheep_little_box, enter_bailey_4
D:10:     layout_irregular_city, trog_butcher_becter, evilmike_ruin_ashenzari,
          hellmonk_lair_entry_icy
D:11:     layout_roguey, enter_trove_3, lemuel_old_faithful
D:12:     layout_long_grid, david_orc_1_choice, eino_tiny_chamber
D:13:     layout_stronghold, david_vaults_4, portal_ice_cave_entry_pillars_1,
          okawaru_ov_weapons_minmay, uniq_nessos
Temple:   nicolae_temple_slightly_damp_pantheon

Skill      XL: |  1  2  3  4  5  6  7  8  9 10 11 12 |
---------------+-------------------------------------+-----
Fighting       | 4 5 6 7 8 10 | 10.8
Armour         | 4 5 6 7 8 9 10 | 10.2
Shields        | 4 5 7 8 9 10 | 10.0
Axes           | 3 5 6 7 9 11 13 15 | 15.9
Throwing       | 1 3 4 5 |  5.0
Invocations    | 1 4 6 7 |  7.3

Action                     |  1- 3 |  4- 6 |  7- 9 | 10-12 || total
---------------------------+-------+-------+-------+-------++-------
  Melee: War axe           |    78 |    97 |   191 |   340 ||   706
         Headbutt          |    12 |    15 |    27 |    69 ||   123
 Invoke: Heroism           |       |       |     1 |     4 ||     5
         Finesse           |       |       |       |     2 ||     2
    Use: Scroll            |       |     6 |     7 |     7 ||    20
         Potion            |       |       |     2 |     1 ||     3
 Armour: Scale mail        |    59 |    65 |    65 |       ||   189
         Chain mail        |       |       |    31 |   172 ||   203
  Dodge: Dodged            |    31 |    29 |    41 |    55 ||   156
  Block: Buckler           |    17 |    35 |    80 |   161 ||   293
         Reflection        |       |       |     4 |     5 ||     9
         Kite shield       |       |       |       |     9 ||     9

Table legend: (Time is in decaauts)
 A = Elapsed time spent in this place.
 B = Non-inter-level travel time spent in this place.
 C = Inter-level travel time spent in this place.
 D = Time resting spent in this place.
 E = Time spent auto-exploring this place.
 F = Levels seen in this place.
 G = Mean time per level.
                   A        B        C        D        E       F      G
               +--------+--------+--------+--------+--------+-----+--------+
         Total |  11168 |  10632 |    536 |    238 |   8291 |  16 |  698.0 |
       Dungeon |  10446 |   9936 |    510 |    114 |   7957 |  13 |  803.5 |
        Temple |     28 |      2 |     26 |      0 |      0 |   1 |   28.0 |
       Ossuary |    290 |    290 |      0 |      0 |    174 |   1 |  290.0 |
        Bailey |    403 |    403 |      0 |    124 |    159 |   1 |  403.0 |
               +--------+--------+--------+--------+--------+-----+--------+

Top non-repeatable levels by time:
     D:7: 1226 daAuts
     D:8: 1080 daAuts
    D:12: 1034 daAuts
     D:1: 955 daAuts
     D:3: 917 daAuts
    D:10: 906 daAuts
    D:11: 899 daAuts
     D:2: 785 daAuts
     D:9: 761 daAuts
     D:6: 681 daAuts
     D:5: 663 daAuts
     D:4: 520 daAuts
  Bailey: 403 daAuts
 Ossuary: 290 daAuts
  Temple: 28 daAuts
